 Dungeon Crawl Stone Soup version 0.26-a0-215-g1b87330c0f (webtiles) character file.

Game seed: 14547702199885085199

105 BritishOli the Slasher (level 4, -2/34 HPs)
             Began as a Demonspawn Gladiator on July 6, 2020.
             Slain by a worm (7 damage)
             ... on level 2 of the Dungeon.
             The game lasted 00:01:44 (1469 turns).

BritishOli the Slasher (Demonspawn Gladiator)       Turns: 1469, Time: 00:01:44

Health: -2/34      AC:  6    Str: 16    XL:     4   Next: 54%
Magic:  4/4        EV: 13    Int:  9    God:
Gold:   145        SH:  0    Dex: 20    Spells: 3/3 levels left

rFire    + . .     SeeInvis .   a - +0 long sword
rCold    + . .     Faith    .   (no shield)
rNeg     . . .     Spirit   .   b - +0 leather armour
rPois    .         Reflect  .   (helmet restricted)
rElec    .         Harm     .   g - scarf {rC+ rF+}
rCorr    .                      (no gloves)
MR       .....                  (no boots)
Stlth    ++........             (no amulet)
HPRegen  0.11/turn              o - +6 ring of dexterity
MPRegen  0.09/turn              (no ring)

@: slowed, very slow
A: horns 1, slimy green scales 2
a: no special abilities


You were on level 2 of the Dungeon.
You were not hungry.

You visited 1 branch of the dungeon, and saw 2 of its levels.

You collected 145 gold pieces.

Inventory:

Hand Weapons
 a - a +0 long sword (weapon)
Missiles
 d - 3 throwing nets (quivered)
Armour
 b - a +0 leather armour (worn)
 c - a +0 helmet
 g - a scarf of resistance (worn)
Jewellery
 o - a +6 ring of dexterity (left hand)
Scrolls
 i - a scroll of fear {unknown}
 k - 3 scrolls of fog {unknown}
 l - a scroll of identify {unknown}
 m - a scroll of magic mapping {unknown}
 n - a scroll of noise {unknown}
 p - a scroll of teleportation {unknown}
 q - 2 scrolls of blinking {unknown}
 r - a scroll of amnesia {unknown}
Potions
 e - a potion of heal wounds {unknown}
 h - 2 potions of curing {unknown}
 j - a potion of resistance {unknown}
Comestibles
 f - 5 rations


   Skills:
 + Level 2.8 Fighting
 * Level 3.6 Long Blades
 - Level 2.1 Throwing
 + Level 1.6 Armour
 - Level 3.0 Dodging


You had 3 spell levels left.
You didn't know any spells.
Your spell library was empty.

Dungeon Overview and Level Annotations

Branches:
Dungeon (2/15)

Altars:


Innate Abilities, Weirdness & Mutations

You have a pair of small horns on your head.
You are mostly covered in slimy green scales. (AC +3)


Message History

You kill the frilled lizard!
The hobgoblin hits you but does no damage.
You slash the hobgoblin!
You kill the hobgoblin!
You barely miss the worm. Your headbutt misses the worm. The worm bites you.
* * * LOW HITPOINT WARNING * * *
You slash the worm!
The worm is heavily wounded.
The worm misses you.
You riposte.
You hit the worm.
The worm is heavily wounded.
You hit the worm but do no damage.
The worm is heavily wounded.
The worm bites you but does no damage.
You hit the worm.
The worm is almost dead.
The worm misses you.
You hit the worm.
The worm is almost dead.
The worm bites you!
You die...

##.. #### #... ..
..... ...###
#.####.## .....
........# ...#
##.#...... ..#
#####......... #w#
#.....#.....).
#@###.###.........
#.................
#...................
###.########.#...###
#.# #.#...##. #..
..#...##. #[#
#..##.###. #.#
#..##.###. #.
#..##.....


You could see a worm.

Vanquished Creatures
  Jessica (D:2)
  Natasha (D:2)
  An adder (D:2)
  A worm (D:2)
  2 dart slugs (D:1)
  4 bats
  7 giant cockroaches
  3 goblins
  6 hobgoblins
  2 kobolds (D:1)
  2 quokkas (D:2)
  A ball python (D:2)
  3 frilled lizards
  A rat (D:2)
35 creatures vanquished.

Notes
Turn   | Place    | Note
-------+----------+-------------------------------------------
     0 | D:1      | BritishOli the Demonspawn Gladiator began the quest for the
                  | Orb.
     0 | D:1      | Reached XP level 1. HP: 16/16 MP: 1/1
   236 | D:1      | Gained mutation: You are partially covered in slimy green
                  | scales. (AC +2) [demonic ancestry]
   236 | D:1      | Reached XP level 2. HP: 15/22 MP: 2/2
  1165 | D:2      | Gained mutation: You have a pair of small horns on your
                  | head. [demonic ancestry]
  1165 | D:2      | Reached XP level 3. HP: 23/28 MP: 3/3
  1166 | D:2      | Reached skill level 1 in Armour
  1337 | D:2      | Noticed Jessica
  1347 | D:2      | Killed Jessica
  1347 | D:2      | Gained mutation: You are mostly covered in slimy green
                  | scales. (AC +3) [demonic ancestry]
  1347 | D:2      | Reached XP level 4. HP: 30/34 MP: 4/4
  1447 | D:2      | Noticed Natasha
  1460 | D:2      | Killed Natasha
  1469 | D:2      | Slain by a worm

Illustrated notes

Levels and vault maps discovered:
D:1:      dpeg_arrival_refuge, layout_basic, minmay_fountain_box
D:2:      layout_loops_ring, first_ration, st_stairs_10, minmay_pentomino_pile,
          uniq_sigmund, uniq_jessica, uniq_natasha

Skill      XL: |  1  2  3 |
---------------+----------+-----
Throwing       | 2 |  2.1
Long Blades    | 3 |  3.6
Dodging        | 3 |  3.0
Armour         | 1 |  1.6
Fighting       | |  2.8

Action                   |  1- 3 |  4- 6 || total
-------------------------+-------+-------++-------
Melee: Long sword        |    84 |    24 ||   108
       Headbutt          |     5 |     3 ||     8
 Stab: Sleeping          |     1 |     2 ||     3
  Eat: Ration            |     1 |       ||     1
Armor: Leather armour    |    38 |     5 ||    43
Dodge: Dodged            |    53 |    14 ||    67
       Rpst.: Long sword |    14 |     3 ||    17

Table legend:
 A = Non-vault XP
 B = Vault XP
 C = Vault XP percentage of total XP
 D = Non-vault monster count
 E = Vault monster count
 F = Vault count percentage of total count
                 A         B        C        D         E       F
            +---------+---------+-------+---------+---------+-------
      Total |      63 |      88 |  58.3 |      31 |       4 |  11.4
            +---------+---------+-------+---------+---------+-------
        D:1 |      38 |       0 |   0.0 |      18 |       0 |   0.0
        D:2 |      25 |      88 |  77.9 |      13 |       4 |  23.5
            +---------+---------+-------+---------+---------+-------
